 Dungeon Crawl Stone Soup version 0.28-a0-998-gb9e9c7b67e (webtiles) character file.

Game seed: 17050689556323532486

111998 Umoon the Warrior (level 16, -6/137 HPs)
             Began as a Demonspawn Gladiator on Dec 6, 2021.
             Was an Initiate of Gozag.
             Mangled by Donald (12 damage)
             ... on level 1 of the Shoals.
             The game lasted 01:01:13 (26413 turns).

Umoon the Warrior (Demonspawn Gladiator)           Turns: 26413, Time: 01:01:14

Health: -6/137     AC: 34    Str: 21    XL:     16   Next: 10%
Magic:  0/17       EV:  8    Int: 13    God:    Gozag
Gold:   4090       SH:  0    Dex: 16    Spells: 14/16 levels left

rFire   + . .      SeeInvis .   d - +2 lajatang (vamp)
rCold   + . .      Faith    .   (shield currently unavailable)
rNeg    . . .      Spirit   +   V - +1 crystal plate armour {rC+}
rPois   .          Reflect  .   L - +2 hat {Will+}
rElec   +          Harm     .   Q - +1 cloak {Will+}
rCorr   .          Rampage  .   g - +2 pair of gloves {Str+3}
Will    +++..                   (boots unavailable)
Stlth   ..........              x - amulet of regeneration
HPRegen 1.12/turn               Z - +4 ring of slaying
MPRegen 0.30/turn               I - ring of protection from fire

@: gold aura, studying Ice Magic
A: hooves 3, thin metallic scales 3, magic shield, magic regeneration, demonic
magic 2
a: Renounce Religion, Potion Petition, Call Merchant, Bribe Branch


You were on level 1 of the Shoals.
You worshipped Gozag.
Gozag was most pleased with you.
You visited 4 branches of the dungeon, and saw 24 of its levels.
You visited 1 bazaar.
You also visited: Ice Cave.

You collected 11875 gold pieces.
You spent 2559 gold pieces at shops.
You paid 5226 gold pieces to Gozag.

Inventory:

Hand Weapons
 d - a +2 vampiric lajatang (weapon)
 q - a +0 flail of venom
 P - the +3 trident "Benleif" {vorpal, rF++ Dex-3}
   (You bought it in a shop in a bazaar)

   It inflicts extra damage upon your enemies.
   Dex:       It affects your dexterity (-3).
   rF:        It greatly protects you from fire.
 R - a +8 lajatang of speed
Missiles
 c - 8 throwing nets (quivered)
Armour
 g - a +2 pair of gloves of strength (worn)
 A - a +0 buckler
 L - a +2 hat of willpower (worn)
 Q - a +1 cloak of willpower (worn)
 V - a +1 crystal plate armour of cold resistance (worn)
Jewellery
 h - a ring of positive energy
 u - a +6 ring of dexterity
 x - an amulet of regeneration (around neck)
 I - a ring of protection from fire (right hand)
 M - the necklace of Bloodlust {*Rage Will++ Int-3 Slay+6}
   (You found it on level 11 of the Dungeon)

   [amulet of nothing]

   It extends the wearer's berserk rage when killing foes.
   Int:       It affects your intelligence (-3).
   Slay:      It affects your accuracy & damage with ranged weapons and melee
   (+6).
   *Rage:     It berserks you when you make melee attacks (+50% chance).
   Will:      It greatly increases your willpower.
 S - a ring of magical power
 T - a ring of ice
 Z - a +4 ring of slaying (left hand)
Wands
 e - a wand of flame (17)
 y - a wand of polymorph (11)
 B - a wand of paralysis (10)
 C - a wand of mindburst (9)
 G - a wand of iceblast (21)
 H - a wand of acid (9)
 K - a wand of charming (9)
Scrolls
 f - a scroll of brand weapon
 i - 13 scrolls of teleportation
 j - 4 scrolls of fog
 n - 6 scrolls of amnesia
 o - 5 scrolls of magic mapping
 p - 5 scrolls of enchant armour
 v - a scroll of silence
 w - 7 scrolls of fear
 D - 3 scrolls of immolation
 E - 8 scrolls of blinking
 J - 2 scrolls of holy word
 O - 4 scrolls of vulnerability
 U - 2 scrolls of summoning
Potions
 a - 3 potions of curing
 b - 2 potions of ambrosia
 k - a potion of mutation
 l - a potion of might
 m - 2 potions of heal wounds
 r - a potion of flight
 s - 3 potions of cancellation
 t - a potion of berserk rage
 z - 6 potions of brilliance
 F - 4 potions of haste
 N - 4 potions of attraction {unknown}
 X - 3 potions of lignification {unknown}
 Y - a potion of resistance {unknown}


   Skills:
 + Level 15.7 Fighting
 - Level 5.7(9.9) Maces & Flails
 * Level 12.4(12.9) Staves
 - Level 1.7 Throwing
 * Level 12.3 Armour
 - Level 12.5 Dodging
 + Level 2.4 Stealth
 - Level 10.2 Shields
 - Level 3.5 Unarmed Combat
 + Level 0.8 Spellcasting
 + Level 1.0 Translocations


You had 14 spell levels left.
You knew the following spells:

 Your Spells              Type           Power      Damage    Failure   Level
a - Blink                 Tloc           6%         N/A       100%        2

Your spell library contained the following spells:

 Spells                   Type           Power      Damage    Failure   Level
 Animate Skeleton         Necr           0%         N/A       100%        1
 Apportation              Tloc           6%         N/A       100%        1
 Freeze                   Ice            0%         1d3       100%        1
 Magic Dart               Conj           0%         1d3       100%        1
 Pain                     Necr           0%         1d4       100%        1
 Summon Small Mammal      Summ           0%         N/A       100%        1
 Call Imp                 Summ           0%         N/A       100%        2
 Call Canine Familiar     Summ           0%         N/A       100%        3
 Dazzling Flash           Conj/Hex       0%         N/A       100%        3
 Frozen Ramparts          Ice            0%         1d2       100%        3
 Gell's Gravitas          Tloc           3%         N/A       100%        3
 Lesser Beckoning         Tloc           3%         N/A       100%        3
 Mephitic Cloud           Conj/Pois/Air  0%         N/A       100%        3
 Ozocubu's Armour         Ice            0%         N/A       100%        3
 Summon Guardian Golem    Hex/Summ       0%         N/A       100%        3
 Teleport Other           Tloc           3%         N/A       100%        3
 Vampiric Draining        Necr           0%         2d6       100%        3
 Airstrike                Air            0%         N/A       100%        4
 Hailstorm                Conj/Ice       0%         3d3       100%        4
 Summon Lightning Spire   Summ/Air       0%         N/A       100%        4
 Agony                    Necr           0%         N/A       100%        5
 Alistair's Intoxication  Tmut/Pois      0%         N/A       100%        5
 Blade Hands              Tmut           0%         N/A       100%        5
 Freezing Cloud           Conj/Ice/Air   0%         6-21      100%        5
 Irradiate                Conj/Tmut      0%         3d14      100%        5
 Lightning Bolt           Conj/Air       0%         1d11      100%        5
 Manifold Assault         Tloc           3%         N/A       100%        5
 Silence                  Hex/Air        0%         N/A       100%        5
 Conjure Ball Lightning   Conj/Air       0%         3x3d6     100%        6
 Dispersal                Tloc           1%         N/A       100%        6
 Dragon Form              Tmut           0%         N/A       100%        7
 Discord                  Hex            0%         N/A       100%        8
 Disjunction              Tloc           1%         N/A       100%        8
 Polar Vortex             Ice            0%         N/A       100%        9


Dungeon Overview and Level Annotations

Branches:
Dungeon (15/15)            Temple (0/1) D:7            Lair (6/6) D:9
 Shoals (1/4) Lair:3        Snake (0/4) Lair:2        Slime (0/5) Lair:5
    Orc (2/2) D:10            Elf (0/3) Orc:2        Vaults (0/5) D:14
 Depths (0/4) D:15          IceCv (visited)

Altars:
Ashenzari
Cheibriados
Dithmenos
Elyvilon
Fedhas
Gozag
Hepliaklqana
Kikubaaqudgha
Okawaru
Trog
Uskayaw
Wu Jian
Yredelemnul
Zin
Jiyva

Shops:
D:6 :   D:7 =:[   D:11 [   D:14 :   Orc:1 [*(   Orc:2 ??[:   Lair:4 *[

Annotations:
D:4 2 transporters, Menkaure
D:5 3 runed translucent doors, wotkd0121004's ghost, amateur OpEE
Lair:4 3 runed translucent doors, Puekk's ghost, journeyman DsMo
Shoals:1 Donald


Innate Abilities, Weirdness & Mutations

You have hooves in place of feet.
You are completely covered in thin metallic scales. (AC +4, rElec)
When hurt, damage is shared between your health and your magic reserves.
You regenerate magic rapidly.
Spells you cast may paralyse nearby enemies.


Message History

Splash!
You fall into the shallow water.
Moving in this stuff is going to be slow.
Your unstable footing causes you to fumble your attack.
Donald hits you but does no damage. The water nymph touches you.
The water nymph drowns you! The merfolk closely misses you.
Donald closely misses you.
You completely miss the water nymph. You kick the water nymph!
The water nymph is moderately wounded.
Donald hits you with a +4 vampiric demon trident!!
The water nymph points at you and mumbles some strange words.
The water swirls and strikes you.
You slash the water nymph! You kick the water nymph.
The water nymph is almost dead.
The merfolk hits you from afar with a +3 trident!
Donald says, "What do potions have to do with a god of gold, anyway?"
Donald hits you with a +4 vampiric demon trident!!
* * * LOW HITPOINT WARNING * * *
Unknown command.
Your unstable footing causes you to fumble your attack.
Donald hits you with a +4 vampiric demon trident!
* * * LOW HITPOINT WARNING * * *
The water nymph gestures at you while chanting.
The water swirls and strikes you.
The merfolk throws a boomerang.
The boomerang hits you but does no damage.
You slice the water nymph!!
You feel better.
You kill the water nymph!
Donald hits you with a +4 vampiric demon trident!!
* * * LOW HITPOINT WARNING * * *
The merfolk is distracted by your dazzling golden aura.
The merfolk shouts!
Your Translocations skill increases to level 1!
You feel much better.
The merfolk is no longer distracted by gold.
Donald hits you with a +4 vampiric demon trident!!
* * * LOW HITPOINT WARNING * * *
The merfolk hits you but does no damage.
Donald hits you with a +4 vampiric demon trident!
You die...
Your body crumbles into a pile of gold.

≈≈≈≈≈≈≈≈. #PP.<≈≈..#
≈≈≈≈≈≈≈≈. ##P≈P.≈≈.##
.≈≈≈≈... #.P.≈≈≈≈.#
#.≈≈≈... #..P≈≈≈≈.##
#.......## ##P.≈≈≈....
... #..## #P≈≈P≈.###
....###...#####..≈≈..# #
.≈≈....$...>PPP.≈≈PP.###
≈≈≈≈...@.......≈≈≈≈≈....
≈≈≈≈.m.@.≈≈P≈≈≈PP≈≈≈≈≈≈≈
≈≈≈.....≈≈≈≈≈P≈≈≈≈≈≈≈≈≈≈
.....≈.≈≈≈P≈≈≈≈≈≈≈≈≈≈≈≈≈
###..≈.≈≈≈≈≈≈≈≈≈≈≈≈≈≈≈≈≈
#.....≈≈≈≈≈≈≈≈≈≈≈≈≈≈≈≈
#.....≈≈≈≈≈≈≈≈≈≈≈≈≈≈≈≈
...###..≈≈≈≈≈≈≈≈≈≈≈≈≈


You could see Donald (fast, strong) and a merfolk.

Vanquished Creatures
  Rupert (D:13)
  Jorgrun (Orc:1)
  Frances (D:14)
  Agnes (D:14)
  Kirke (D:15)
  Nessos (D:12)
  A minotaur (D:12)
  Snorg (D:12)
  An ettin (Orc:1)
  Josephine (D:10)
  2 fire dragons (D:15)
  Fannar (Lair:1)
  9 hydras
  2 ogre magi (Orc:2)
  4 boulder beetles
  7 centaur warriors
  An ice dragon (Lair:6)
  11 two-headed ogres
  2 catoblepae
  3 death knights
  The ghost of petzl the Sneak, a journeyman OpAM of Vehumet (D:12)
  4 death yaks (Lair:3)
  Sonja (Orc:2)
  5 skeletal warriors (D:14)
  2 deep trolls
  2 lindwurms (Lair:6)
  A wizard (D:15)
  A phantasmal warrior (D:11)
  A deep elf zephyrmancer (D:10)
  An orc knight (Orc:1)
  A deep elf pyromancer (D:10)
  4 manticores
  6 cyclopes
  An orc sorcerer (Orc:2)
  10 ugly things
  A black mamba (Lair:6)
  4 elephants
  A wolf spider (D:12)
  2 centaur zombies
  A water nymph (Shoals:1)
  Maurice (Orc:2)
  14 cane toads
  5 torpor snails (Lair:6)
  3 ice statues (IceCv)
  9 komodo dragons
  An unseen horror (D:13)
  A kobold demonologist (D:12)
  5 rime drakes
  A yaktaur (shapeshifter) (D:11)
  3 freezing wraiths
  9 trolls
  A merfolk (D:12)
  7 hornets
  3 meliai (D:15)
  3 tyrant leeches (Lair:6)
  18 polar bears
  14 blink frogs (Lair:6)
  13 slime creatures
  A wind drake (Lair:3)
  A snapping turtle (Shoals:1)
  6 dream sheep (Lair:6)
  4 water elementals (D:11)
  A shadow (D:10)
  9 wraiths
  4 wyverns
  44 yaks
  A dire elephant simulacrum (IceCv)
  2 steam dragons
  11 humans (D:14)
  7 basilisks
  2 death yak simulacra (IceCv)
  12 vampire mosquitoes
  3 nagas (Lair:2)
  3 acid dragons
  10 wargs
  A harpy simulacrum (IceCv)
  15 hell hounds (Lair:6)
  12 water moccasins
  A swamp drake (D:10)
  Duvessa (D:7)
  A sky beast (D:7)
  17 black bears
  An ice beast (D:6)
  25 ogres
  11 orc warriors
  21 wolves
  3 necrophages
  14 centaurs
  A kobold brigand (D:9)
  3 gnoll sergeants
  19 bullfrogs
  A cane toad simulacrum (IceCv)
  A scorpion (D:6)
  A water moccasin zombie (D:6)
  Dowan (D:7)
  2 water moccasin skeletons
  An elephant simulacrum (IceCv)
  3 killer bees (D:8)
  3 wights (D:8)
  3 howler monkeys (D:7)
  2 crimson imps
  2 hounds
  4 jellies (D:8)
  2 bullfrog skeletons (D:6)
  A centaur skeleton (D:7)
  A gnoll shaman (D:9)
  5 orc priests
  An iron imp (D:10)
  3 iguanas
  Natasha (D:2)
  20 orc wizards
  2 polar bear simulacra (IceCv)
  A howler monkey zombie (D:8)
  20 gnolls
  2 shadow imps
  2 white imps
  An ufetubus (D:4)
  2 worms
  A dart slug (D:1)
  61 orcs
  5 ball pythons
  5 endoplasms
  2 giant cockroaches (D:2)
  8 goblins
  4 hobgoblins
  3 jackals
  3 quokkas
  3 bats (D:2)
  6 frilled lizards
  19 kobolds
  8 rats
696 creatures vanquished.

Vanquished Creatures (others)
  A vault guard (D:14)
  2 orc wizards
  36 fungi
  84 plants
123 creatures vanquished.

Grand Total: 819 creatures vanquished

Notes
Turn   | Place    | Note
-------+----------+-------------------------------------------
     0 | D:1      | Umoon the Demonspawn Gladiator began the quest for the Orb.
     0 | D:1      | Reached XP level 1. HP: 16/16 MP: 1/1
   177 | D:1      | Gained mutation: You are partially covered in thin metallic
                  | scales. (AC +2) [demonic ancestry]
   177 | D:1      | Reached XP level 2. HP: 18/22 MP: 2/2
   754 | D:1      | Found a faded altar of an unknown god.
  1338 | D:2      | Reached skill level 1 in Armour
  1400 | D:2      | Gained mutation: You regenerate magic rapidly. [demonic
                  | ancestry]
  1400 | D:2      | Reached XP level 3. HP: 28/28 MP: 3/3
  2418 | D:2      | Noticed Natasha
  2429 | D:2      | Killed Natasha
  2430 | D:2      | Reached XP level 4. HP: 10/34 MP: 4/4
  2986 | D:3      | Noticed a +0 hand axe
  2986 | D:3      | Noticed a +0 hand axe
  2990 | D:3      | Found a hide-covered altar of Uskayaw.
  3569 | D:3      | Reached skill level 3 in Fighting
  3638 | D:3      | Gained mutation: You have large cloven feet. [demonic
                  | ancestry]
  3638 | D:3      | Reached XP level 5. HP: 26/41 MP: 5/5
  4100 | D:4      | Found a blossoming altar of Fedhas.
  4101 | D:4      | Found a broken altar of Ashenzari.
  4102 | D:4      | Found a hazy altar of Hepliaklqana.
  4149 | D:4      | Noticed a necrophage
  4152 | D:4      | Found an ornate altar of the Wu Jian Council.
  4172 | D:4      | Killed a necrophage
  4311 | D:4      | Reached XP level 6. HP: 44/48 MP: 6/6
  4516 | D:4      | Found a transporter.
  4521 | D:4      | Found a transporter.
  4537 | D:4      | Found a basalt altar of Yredelemnul.
  4707 | D:4      | Noticed Menkaure
  4708 | D:4      | Found the +8 arc blade {discharge, rElec}
  4709 | D:4      | Found an ancient bone altar of Kikubaaqudgha.
  4820 | D:5      | Entered Level 5 of the Dungeon
  4847 | D:5      | Reached skill level 4 in Fighting
  5229 | D:5      | Gained mutation: When hurt, damage is shared between your
                  | health and your magic reserves. [demonic ancestry]
  5229 | D:5      | Reached XP level 7. HP: 39/55 MP: 7/7
  5768 | D:5      | Found a runed translucent gate.
  5768 | D:5      | Found a runed translucent gate.
  5770 | D:5      | Found a runed translucent gate.
  5772 | D:5      | Noticed wotkd0121004's ghost (amateur OpEE)
  5860 | D:5      | Reached skill level 5 in Fighting
  5860 | D:5      | Reached skill level 5 in Dodging
  6609 | D:6      | Reached XP level 8. HP: 26/63 MP: 6/8
  6620 | D:6      | Identified a scroll of acquirement
  6622 | D:6      | Acquired a manual of Fighting
  7030 | D:5      | HP: 3/64 [orc warrior (17)]
  7054 | D:5      | Reached skill level 6 in Fighting
  7066 | D:5      | Reached skill level 5 in Armour
  7213 | D:6      | Found Attekan's Book Emporium.
  7394 | D:6      | Reached skill level 7 in Fighting
  7513 | D:6      | Noticed a hornet
  7521 | D:6      | Killed a hornet
  7632 | D:6      | Reached skill level 8 in Fighting
  7632 | D:6      | Gained mutation: You have hoof-like feet. [demonic
                  | ancestry]
  7632 | D:6      | Reached XP level 9. HP: 73/75 MP: 9/9
  7955 | D:7      | Noticed a boulder beetle
  7971 | D:7      | Killed a boulder beetle
  7972 | D:7      | Reached skill level 9 in Fighting
  7972 | D:7      | Reached skill level 1 in Maces & Flails
  7972 | D:7      | Reached skill level 1 in Shields
  7981 | D:7      | Found an opulent altar of Gozag.
  7989 | D:7      | Noticed Dowan
  7989 | D:7      | Noticed Duvessa
  7991 | D:7      | Became a worshipper of Gozag Ym Sagoz the Greedy
  8032 | D:7      | HP: 2/114 [Dowan (4)]
  8038 | D:7      | Killed Dowan
  8038 | D:7      | HP: 1/114 [howler monkey (3)]
  8175 | D:7      | Killed Duvessa
  8315 | D:7      | Found Heyfu's Book Shop.
  8332 | D:7      | Found Ceimedgh's Armour Shoppe.
  8438 | D:7      | Found a staircase to the Ecumenical Temple.
  8542 | D:7      | Found Tois's Jewellery Shoppe.
  8728 | D:7      | Gained mutation: You are mostly covered in thin metallic
                  | scales. (AC +3) [demonic ancestry]
  8728 | D:7      | Reached XP level 10. HP: 31/85 MP: 5/10
  8817 | D:7      | Reached skill level 10 in Fighting
  9079 | D:8      | Found a shadowy altar of Dithmenos.
  9179 | D:8      | Found a snail-covered altar of Cheibriados.
  9339 | D:8      | Found a viscous altar of Jiyva.
  9963 | D:9      | Found a staircase to the Lair.
  9963 | D:9      | Noticed an elephant
  9987 | D:9      | Killed an elephant
  9988 | D:9      | Reached skill level 11 in Fighting
 10351 | D:10     | Entered Level 10 of the Dungeon
 10443 | D:10     | Found a bloodstained altar of Trog.
 10521 | D:10     | Reached XP level 11. HP: 80/93 MP: 8/11
 10685 | D:10     | Found a staircase to the Orcish Mines.
 10689 | D:10     | Noticed Josephine
 10708 | D:10     | Killed Josephine
 10890 | D:10     | Reached skill level 5 in Shields
 11011 | D:10     | Reached skill level 5 in Maces & Flails
 11015 | D:10     | Noticed a deep elf zephyrmancer
 11028 | D:10     | Killed a deep elf zephyrmancer
 11108 | D:10     | Noticed a deep elf pyromancer
 11113 | D:10     | Killed a deep elf pyromancer
 11152 | D:10     | Reached skill level 12 in Fighting
 11557 | D:11     | Found the necklace of Bloodlust {*Rage Will++ Int-3 Slay+6}
 11579 | D:11     | Noticed a two-headed ogre
 11589 | D:11     | Killed a two-headed ogre
 11712 | D:11     | Noticed a cyan ugly thing
 11735 | D:11     | Killed a cyan ugly thing
 11865 | D:11     | HP: 4/96 [water elemental (13)]
 12597 | D:12     | Found a flickering gateway to a bazaar.
 12609 | Bazaar   | Entered a bazaar
 12609 | Bazaar   | Found Yguskoyng's General Store.
 12618 | Bazaar   | Found Nenar's Antique Weapon Shoppe.
 12634 | Bazaar   | Found Izoqias's Antique Weapon Shop.
 12673 | Bazaar   | Found Ewneococ's Magic Scroll Boutique.
 12705 | Bazaar   | Bought a crystal trident for 221 gold pieces
 12705 | Bazaar   | Identified the +3 trident "Benleif" {vorpal, rF++ Dex-3}
                  | (You bought it in a shop in a bazaar)
 12705 | Bazaar   | Bought a steaming hand axe for 208 gold pieces
 12705 | Bazaar   | Identified the +6 hand axe of Curghioh {vorpal, Int+6} (You
                  | bought it in a shop in a bazaar)
 12716 | Bazaar   | Bought a glowing lajatang for 612 gold pieces
 12786 | D:12     | Noticed a phantasmal warrior
 12787 | D:12     | Noticed a death knight
 12877 | Lair:1   | Entered Level 1 of the Lair of Beasts
 12904 | Lair:1   | Reached skill level 1 in Staves
 13256 | Lair:1   | Noticed Fannar
 13284 | Lair:1   | Killed Fannar
 13327 | Lair:1   | Gained mutation: You are completely covered in thin
                  | metallic scales. (AC +4, rElec) [demonic ancestry]
 13327 | Lair:1   | Reached XP level 12. HP: 100/103 MP: 12/12
 13531 | Lair:1   | Reached skill level 13 in Fighting
 14326 | Lair:2   | Found a staircase to the Snake Pit.
 15290 | Lair:2   | Acquired 1063 gold pieces
 15373 | Lair:3   | Found a frozen archway.
 15392 | IceCv    | Entered an ice cave
 15417 | IceCv    | Reached skill level 5 in Staves
 15589 | IceCv    | Reached skill level 10 in Dodging
 15710 | IceCv    | Got Keuxtoby's Reference Book on Frigorific Envenoming
 15851 | Lair:3   | Acquired 995 gold pieces
 16102 | Lair:3   | Found a staircase to the Shoals.
 16188 | Lair:3   | Noticed a death yak
 16188 | Lair:3   | Noticed a death yak
 16188 | Lair:3   | Noticed a death yak
 16189 | Lair:3   | Noticed a death yak
 16199 | Lair:3   | Killed a death yak
 16200 | Lair:3   | Gained mutation: You have hooves in place of feet. [demonic
                  | ancestry]
 16200 | Lair:3   | Reached XP level 13. HP: 104/112 MP: 11/13
 16838 | Lair:4   | Reached skill level 10 in Armour
 17490 | Lair:4   | Found a runed translucent gate.
 17490 | Lair:4   | Found a runed translucent gate.
 17492 | Lair:4   | Found a runed translucent gate.
 17492 | Lair:4   | Noticed an acid blob
 17514 | Lair:4   | Reached skill level 14 in Fighting
 17522 | Lair:4   | Noticed an azure jelly
 17557 | Lair:4   | Noticed an acid blob
 17558 | Lair:4   | Noticed a rockslime
 17558 | Lair:4   | Noticed an azure jelly
 17558 | Lair:4   | Noticed Puekk's ghost (journeyman DsMo)
 17558 | Lair:4   | Noticed an acid blob
 17558 | Lair:4   | Noticed an acid blob
 17558 | Lair:4   | Noticed an acid blob
 17847 | Lair:4   | Found a viscous altar of Jiyva.
 18396 | Lair:5   | Found a staircase to the Slime Pits.
 18396 | Lair:5   | Found a viscous altar of Jiyva.
 18744 | Lair:6   | Entered Level 6 of the Lair of Beasts
 19512 | Lair:6   | Reached XP level 14. HP: 113/121 MP: 14/14
 19723 | Lair:6   | Found a runed translucent door.
 19736 | Lair:6   | Paralysed by a hornet for 2 turns
 20811 | Orc:1    | Entered Level 1 of the Orcish Mines
 20816 | Orc:1    | Noticed Jorgrun
 20839 | Orc:1    | Killed Jorgrun
 20908 | Orc:1    | Found Paurog's Antique Weapon Shoppe.
 20914 | Orc:1    | Found a bloodstained altar of Trog.
 21123 | Orc:2    | Entered Level 2 of the Orcish Mines
 21125 | Orc:2    | Found a staircase to the Elven Halls.
 21126 | Orc:2    | Noticed Maurice
 21163 | Orc:1    | Reached skill level 10 in Staves
 21242 | Orc:1    | Bought a scroll labelled ENUGHIALUEJO for 36 gold pieces
 21477 | Orc:2    | Noticed Sonja
 21521 | Orc:2    | Killed Maurice
 21534 | Orc:2    | Killed Sonja
 21599 | Orc:2    | Found Ihecaick's Antique Armour Shoppe.
 21600 | Orc:2    | Found Daarhait's Magic Scroll Emporium.
 21607 | Orc:2    | Found Kanehuaq's Book Shop.
 21645 | Orc:2    | Reached skill level 15 in Fighting
 21778 | Orc:2    | Gained mutation: Spells you cast may paralyse adjacent
                  | enemies. [demonic ancestry]
 21778 | Orc:2    | Reached XP level 15. HP: 113/129 MP: 15/15
 21833 | Orc:2    | Found Belyid's Magic Scroll Shoppe.
 21841 | Orc:2    | Bought a scroll of teleportation for 42 gold pieces
 21841 | Orc:2    | Bought a scroll of identify for 28 gold pieces
 21841 | Orc:2    | Bought a scroll of enchant armour for 105 gold pieces
 21841 | Orc:2    | Bought a scroll of blinking for 105 gold pieces
 21841 | Orc:2    | Bought a scroll of fear for 49 gold pieces
 21841 | Orc:2    | Bought a scroll of teleportation for 42 gold pieces
 21841 | Orc:2    | Bought a scroll of identify for 28 gold pieces
 21841 | Orc:2    | Bought a scroll of teleportation for 42 gold pieces
 22014 | Orc:2    | Bought a scroll of acquirement for 676 gold pieces
 22014 | Orc:2    | Acquired 939 gold pieces
 22461 | Orc:1    | Got the Disquisition on Lightness
 22825 | D:11     | Bought a +2 pair of gloves of strength for 365 gold pieces
 23019 | D:12     | Noticed petzl's ghost (journeyman OpAM)
 23059 | D:12     | Found a runed translucent gate.
 23059 | D:12     | Found a runed translucent gate.
 23059 | D:12     | Found a runed translucent gate.
 23073 | D:12     | Noticed Nessos
 23081 | D:12     | Killed Nessos
 23131 | D:12     | Killed petzl's ghost
 23331 | D:12     | Found an iron altar of Okawaru.
 23820 | D:13     | Reached skill level 10 in Shields
 23969 | D:13     | Noticed Snorg
 23972 | D:13     | Noticed Rupert
 24030 | D:12     | Killed Snorg
 24232 | D:13     | Killed Rupert
 24300 | D:14     | Noticed Agnes
 24314 | D:14     | Killed Agnes
 24605 | D:14     | Found Keiclaud's Book Shoppe.
 24643 | D:14     | Noticed Frances
 24657 | D:14     | Killed Frances
 24703 | D:14     | Reached skill level 1 in Stealth
 24788 | D:14     | Found an ancient bone altar of Kikubaaqudgha.
 24916 | D:14     | Found a gate to the Vaults.
 25022 | D:15     | Entered Level 15 of the Dungeon
 25253 | D:15     | Found a broken altar of Ashenzari.
 25281 | D:15     | Gained mutation: Spells you cast may paralyse nearby
                  | enemies. [demonic ancestry]
 25281 | D:15     | Reached XP level 16. HP: 94/137 MP: 11/16
 25284 | D:15     | Learned a level 2 spell: Blink
 25545 | D:15     | Found a staircase to the Depths.
 25606 | D:15     | Identified the +7 flail "Conservator" {vorpal, rElec rF+
                  | Will- Str+4}
 25754 | D:15     | Noticed Kirke
 25768 | D:15     | Killed Kirke
 25780 | D:15     | Found an opulent altar of Gozag.
 26344 | Shoals:1 | Entered Level 1 of the Shoals
 26398 | Shoals:1 | Noticed Donald
 26413 | Shoals:1 | Reached skill level 1 in Translocations
 26413 | Shoals:1 | HP: 6/137 [Donald (30)]
 26413 | Shoals:1 | Mangled by Donald

Illustrated notes

Levels and vault maps discovered:
D:1:      saegor_arrival_simple_e, layout_basic,
          shapermc_ecumenical_altar_mp_urbaneastern, serial_rivers,
          chequers_serial_rivers_small_a, chequers_serial_rivers_micro_e,
          chequers_serial_rivers_room_b, chequers_serial_rivers_room_b,
          chequers_serial_rivers_micro_a, kennysheep_decorative_pillar
D:2:      kennysheep_six_static_rooms, layout_loops_ring, uniq_natasha
D:3:      layout_basic, dancing_weapons_uskayaw
D:4:      layout_rooms, mainiacjoe_overflow_chevrons,
          gammafunk_temple_of_torment,
          chequers_temple_overflow_statue_of_worship
D:5:      black_bear_nest_2, layout_gridville, ebering_ghost_rock_garden,
          minivault_14, minmay_diced_spiral
D:6:      layout_loops_cross, serial_shops, shop_statue, dk_noncrumbling_4
D:7:      layout_loops_ring, mainiacjoe_overflow_small_starburst,
          kennysheep_mini, temple_pool_b, serial_shops, nicolae_shop_crystal,
          shop, shop, minmay_misc_feat_pillars, minmay_misc_feat_room,
          uniq_duvessa
D:8:      layout_basic, mainiacjoe_overflow_six_doors_small,
          grunt_temple_overflow_open, jiyva_altar_1
D:9:      layout_roguey, david_lair_generic
D:10:     layout_loops_ring, lemuel_crystal_altar, david_orc_2,
          hangedman_minor_magic, uniq_josephine
D:11:     layout_basic, nicolae_underground_beach
D:12:     layout_basic, maelrawn_ghost_gauntlet_escape, serial_shops,
          bzr_entry_water, hangedman_stone_soup, kennysheep_okawaru_gauntlet,
          uniq_nessos
D:13:     layout_rooms, uniq_rupert, uniq_snorg
D:14:     layout_cave_pools, ximxim_vaults_locker_room, serial_shops,
          nicolae_shop_crystal, nicolae_kikubaaqudgha_miasma_corner,
          uniq_frances, uniq_agnes
D:15:     grunt_enter_depths_hoard, layout_stronghold,
          cheibrodos_ashenzari_chains,
          nicolae_gozag_cash_rules_everything_around_me, uniq_kirke
Lair:1:   layout_layer_cave, hangedman_lair_unloving_vines,
          grunt_forest_small_clearing_treed, grunt_megastairs_5,
          infiniplex_staircase_pool_2, uniq_fannar
Lair:2:   layout_regular_city, minmay_snake_entry_guardpost_small, minivault_23,
          cheibrodos_lair_lostbears, grunt_megastairs_2, lemuel_fruit_fields,
          lemuel_fruit_fields
Lair:3:   layout_concentric_octagons, minmay_shoals_entry_beasts,
          portal_ice_cave_entry_pillars_1, serial_rivers,
          chequers_serial_rivers_small_b, chequers_serial_rivers_large_a,
          chequers_serial_rivers_micro_b, chequers_serial_rivers_micro_b,
          chequers_serial_rivers_large_b, chequers_serial_rivers_marsh
Lair:4:   layout_cave_pods, gammafunk_ghost_ooze
Lair:5:   layout_loops_ring, slime_altar_1, grunt_megastairs_4
Lair:6:   wormcave, layout_hall_layers, hangedman_lair_caniforms_friends
Shoals:1: layout_shoals, uniq_donald
Orc:1:    layout_diamond_mine, serial_shops, nicolae_shop_behind_doors,
          basic_altar, guppyfry_library_mini, uniq_jorgrun
Orc:2:    st_orc_open, layout_caves, uniq_maurice, uniq_sonja

Skill      XL: |  1  2  3  4  5  6  7  8  9 10 11 12 13 14 15 16 |
---------------+-------------------------------------------------+-----
Dodging        | 3 4 5 6 7 8 9 10 11 12 | 12.5
Unarmed Combat | 3 |  3.5
Armour         | 1 2 3 4 6 7 8 9 10 11 12 | 12.3
Fighting       | 3 4 5 8 9 11 12 13 14 15 | 15.7
Maces & Flails | 2 4 5 |  5.7
Shields        | 2 4 6 7 8 9 10 | 10.2
Staves         | 2 6 8 10 12 | 12.4
Stealth        | 2 |  2.4
Translocations | 1 |  1.0
Throwing       | |  1.7
Spellcasting   | |  0.8

Action                   |  1- 3 |  4- 6 |  7- 9 | 10-12 | 13-15 | 16-18 || total
-------------------------+-------+-------+-------+-------+-------+-------++-------
Melee: Unarmed           |   102 |       |    18 |       |       |       ||   120
       Punch             |     1 |     2 |     6 |       |     1 |       ||    10
       Dagger            |    41 |   154 |   219 |       |       |       ||   414
       Kick              |       |    26 |   109 |   325 |   446 |    28 ||   934
       Flail             |       |       |    95 |   499 |    72 |       ||   666
       Lajatang          |       |       |       |   469 |  1137 |    69 ||  1675
Invok: Call Merchant     |       |       |       |       |     5 |       ||     5
Evoke: Wand              |       |       |     1 |     6 |     5 |       ||    12
  Use: Scroll            |       |       |     8 |    10 |    16 |     3 ||    37
       Potion            |       |       |     2 |       |     1 |     1 ||     4
 Stab: Paralysed         |       |       |     7 |       |       |       ||     7
       Distracted        |       |       |       |     5 |     7 |       ||    12
Armor: Leather armour    |    62 |    25 |       |       |       |       ||    87
       Scale mail        |       |    41 |   178 |   337 |       |       ||   556
       Crystal plate arm |       |       |       |   131 |  1062 |    57 ||  1250
Dodge: Dodged            |   100 |    97 |   209 |   552 |   417 |    19 ||  1394
Block: Buckler           |       |       |    24 |   107 |       |       ||   131

Table legend: (Time is in decaauts)
 A = Elapsed time spent in this place.
 B = Non-inter-level travel time spent in this place.
 C = Inter-level travel time spent in this place.
 D = Time resting spent in this place.
 E = Time spent auto-exploring this place.
 F = Levels seen in this place.
 G = Mean time per level.
                   A        B        C        D        E       F      G
               +--------+--------+--------+--------+--------+-----+--------+
         Total |  26142 |  25082 |   1060 |   2888 |  15427 |  26 | 1005.5 |
       Dungeon |  16492 |  15807 |    685 |   2319 |   9600 |  15 | 1099.5 |
          Lair |   7400 |   7063 |    337 |    366 |   5078 |   6 | 1233.3 |
        Shoals |     75 |     75 |      0 |      0 |      0 |   1 |   75.0 |
  Orcish Mines |   1663 |   1626 |     37 |    134 |    749 |   2 |  831.5 |
        Bazaar |    171 |    171 |      0 |      0 |      0 |   1 |  171.0 |
      Ice Cave |    340 |    340 |      0 |     69 |      0 |   1 |  340.0 |
               +--------+--------+--------+--------+--------+-----+--------+

Top non-repeatable levels by time:
     D:2: 1721 daAuts
  Lair:6: 1709 daAuts
     D:5: 1603 daAuts
    D:10: 1405 daAuts
  Lair:1: 1369 daAuts
     D:3: 1352 daAuts
    D:11: 1256 daAuts
  Lair:4: 1204 daAuts
     D:6: 1177 daAuts
  Lair:3: 1159 daAuts
  Lair:2: 1125 daAuts
     D:7: 1112 daAuts
    D:15: 1111 daAuts
     D:1: 1035 daAuts
     D:4: 983 daAuts
